 Dungeon Crawl Stone Soup version 0.22-a0-42-g002c468 (webtiles) character file.

3 KristoblXynda the Charmwright (level 1, 0/10 HPs)
             Began as a Spriggan Skald on Jan 5, 2018.
             Slain by a goblin (3 damage)
             ... on level 1 of the Dungeon.
             The game lasted 00:00:23 (164 turns).

KristoblXynda the Charmwright (Spriggan Skald)       Turns: 164, Time: 00:00:24

Health: 0/10       AC:  2    Str:  7    XL:     1   Next: 41%
Magic:  5/5        EV: 19    Int: 14    God:
Gold:   17         SH:  0    Dex: 15    Spells: 4/5 levels left

rFire    . . .     SeeInvis +   a - +0 short sword
rCold    . . .     Gourm    .   (shield restricted)
rNeg     . . .     Faith    .   b - +0 robe
rPois    .         Spirit   .   (helmet restricted)
rElec    .         Reflect  .   (no cloak)
rCorr    .         Harm     .   (gloves unavailable)
MR       .....                  (boots unavailable)
Stlth    +.........             (no amulet)
HPRegen  0.03/turn              (no ring)
MPRegen  0.09/turn              (no ring)

@: very quick
A: very small, unfitting armour, see invisible, herbivore, speed 3, slow
metabolism 2
a: no special abilities


You were on level 1 of the Dungeon.
You were not hungry.

You visited 1 branch of the dungeon, and saw 1 of its levels.

You collected 17 gold pieces.

Inventory:

Hand Weapons
 a - a +0 short sword (weapon)
Armour
 b - a +0 robe (worn)
Scrolls
 e - a scroll of identify {unknown}
Books
 c - a book of Battle

   Spells                             Type                      Level
   a - Infusion                       Charms                       1
   b - Shroud of Golubria             Charms/Translocation         2
   c - Song of Slaying                Charms                       2
   d - Spectral Weapon                Hexes/Charms                 3
   e - Regeneration                   Charms/Necromancy            3
Comestibles
 d - 2 rations


   Skills:
 - Level 1.5 Fighting
 + Level 2.3 Short Blades
 + Level 3.6 Dodging
 - Level 2.6 Spellcasting
 + Level 4.5 Charms


You had 4 spell levels left.
You knew the following spells:

 Your Spells              Type           Power        Failure   Level  Hunger
a - Infusion              Chrm           ##..         3%          1    #......


Dungeon Overview and Level Annotations

Branches:
Dungeon (1/15)

Altars:


Innate Abilities, Weirdness & Mutations

You are very small and have problems with some larger weapons.
You are too small for most types of armour.
You have supernaturally acute eyesight. (SInv)
You are a herbivore.
You cover ground extremely quickly.
You need consume almost no food.


Message History

A goblin is nearby!
A goblin is nearby!
A goblin is nearby!
A goblin is nearby!
The goblin completely misses you.
You hit the goblin.
The goblin is moderately wounded.
The goblin completely misses you.
You barely miss the goblin. The goblin hits you.
You barely miss the goblin. The goblin closely misses you.
You hit the goblin but do no damage. The goblin hits you.
* * * LOW HITPOINT WARNING * * *
You closely miss the goblin. The goblin completely misses you.
You hit the goblin.
The goblin is heavily wounded.
The goblin misses you.
You closely miss the goblin.
The goblin is heavily wounded.
The goblin hits you.
You die...

#.#...# #. #.#
#.#...# #. #.#
#.#...####. #.#
#.......... #..
#...####### #.#
#...# ##### #.#
#...# #.... #g#
#...# #.### #@#
#...# #..# #.#
####...# #..# #.#
#.(....###..## #.#
#............. #.#
#......####.## #.#
#......# #.##
###.###......####.#.
#...................
###.####.#...####.##


You could see a goblin.

Vanquished Creatures
  A giant cockroach (D:1)
  A goblin (D:1)
  A rat (D:1)
3 creatures vanquished.

Notes
Turn   | Place    | Note
-------+----------+-------------------------------------------
     0 | D:1      | KristoblXynda the Spriggan Skald began the quest for the Orb.
     0 | D:1      | Reached XP level 1. HP: 10/10 MP: 5/5
   164 | D:1      | Slain by a goblin

Vault maps used:
D:1:      lightli_arrival_boilingwater

Action                   || total
-------------------------++-------
Melee: Short sword       ||    17
 Cast: Infusion          ||     1
Armor: Robe              ||     1
Dodge: Dodged            ||    11

Table legend:
 A = Spawn XP
 B = Non-spawn XP
 C = Spawn XP percentage of total XP
 D = Spawn monster count
 E = Non-spawn monster count
 F = Spawn count percentage of total count
 G = Total turns spent on level
                    A         B        C        D         E        F      G
               +---------+---------+-------+---------+---------+-------+---------
         Total |       0 |       5 |   0.0 |       0 |       3 |   0.0 |   164
               +---------+---------+-------+---------+---------+-------+---------
           D:1 |       0 |       5 |   0.0 |       0 |       3 |   0.0 |   164
               +---------+---------+-------+---------+---------+-------+---------
